Penguins vs Senators
Created - January 8, 2024 at 20:03
Goals
|
| Penguins |
0 |
1 |
2 |
3 |
| Senators |
2 |
2 |
1 |
5 |
|
Shots
|
| Penguins |
12 |
15 |
10 |
37 |
| Senators |
10 |
15 |
8 |
33 |
|
1st period
1. Senators , Mason Appleton 3 (Zachary Sanford 27, Jordan Schmaltz 25) at 15:27
2. Senators , Jacob De La Rose 11 (Brendan Perlini 15) at 16:12 (PP)
Penalties :
Ryan MacInnis (Wil) for Holding (Minor) at 16:11
2nd period
3. Senators , Brendan Perlini 15 (Jordan Schmaltz 26, Jacob De La Rose 19) at 2:22
4. Penguins , Gavin Bayreuther 8 (Iven Barbashev 21, Mathew Barzal 21) at 8:35 (PP)
5. Senators , Jacob De La Rose 12 (Brendan Perlini 16) at 17:41 (PP)
Penalties :
Zachary Sanford (Bel) for Holding (Minor) at 3:51, Brendan Perlini (Bel) for Slashing (Minor) at 6:39, Adam Brooks (Wil) for Roughing (Minor) at 17:08
3rd period
6. Penguins , Eetu Luostarinen 11 (Max Gortz 7, Dakota Mermis 9) at 0:35
7. Senators , Mason Appleton 4 (Zachary Sanford 28, Christoph Bertschy 39) at 0:43
8. Penguins , Mathew Barzal 17 (Iven Barbashev 22, Adam Brooks 17) at 1:32
Penalties :
No Penalty
Goalie Stats
Jeremy Swayman (Wil), 28 saves from 33 shots - (0.848), L, 12-7-1, 60:00 minutes
David Rittich (Bel), 34 saves from 37 shots - (0.919), W, 13-12-2, 60:00 minutes
Players Stats for Penguins
Player Name G A P +/- PIM S H SB GA TA FO MP PP MP PK MP
------------------------------------------------------------------------------------
Adam Brooks 0 1 1 -2 2 2 0 2 0 1 20/36 22:23 2:22 0:01
Brett Kulak 0 0 0 -1 0 2 3 4 0 5 0/0 28:35 2:40 0:34
Dakota Mermis 0 1 1 0 0 1 2 0 0 1 0/0 19:13 1:15 0:00
Eetu Luostarinen 1 0 1 1 0 3 1 0 0 0 0/0 17:29 1:33 0:00
Gavin Bayreuther 1 0 1 -1 0 4 2 4 0 1 0/0 28:35 2:40 0:34
Iven Barbashev 0 2 2 -2 0 2 0 0 1 1 0/2 22:57 2:22 0:34
Jeff Malott 0 0 0 0 0 1 3 0 1 0 0/1 12:46 0:00 0:00
Jesper Boqvist 0 0 0 0 0 2 1 0 0 0 0/0 7:19 0:00 0:00
John Marino 0 0 0 0 0 2 2 1 0 0 0/0 19:13 1:15 0:00
Kevin Stenlund 0 0 0 0 0 1 1 0 0 0 3/3 6:48 0:00 0:00
Mathew Barzal 1 1 2 -2 0 4 5 0 2 0 3/4 22:23 2:22 0:00
Matthew Finn 0 0 0 0 0 3 0 1 0 0 0/0 12:12 0:00 0:00
Max Gortz 0 1 1 1 0 4 3 0 0 0 1/1 17:50 1:33 0:21
Noah Dobson 0 0 0 0 0 1 0 0 0 0 0/0 12:12 0:00 0:00
Philipp Kurashev 0 0 0 1 0 1 4 1 1 1 7/13 17:33 1:33 0:12
Ryan MacInnis 0 0 0 0 2 0 1 0 0 0 2/5 12:22 0:00 0:00
Sam Kurker 0 0 0 0 0 3 2 1 0 0 0/0 12:46 0:00 0:00
Sampo Ranta 0 0 0 0 0 1 0 0 0 0 0/0 6:48 0:00 0:00
Players Stats for Senators
Player Name G A P +/- PIM S H SB GA TA FO MP PP MP PK MP
------------------------------------------------------------------------------------
Anton Karlsson 0 0 0 -1 0 0 0 0 0 0 0/0 7:59 0:00 1:01
Brendan Perlini 1 2 3 1 2 4 2 0 2 0 1/2 17:39 0:14 0:33
C.J Suess 0 0 0 0 0 3 0 2 2 0 0/0 13:39 0:00 1:26
Carl Grundstrom 0 0 0 1 0 1 1 0 0 0 0/1 17:07 0:14 0:00
Christoph Bertschy 0 1 1 1 0 4 0 1 1 0 16/34 22:04 0:20 2:08
David Kase 0 0 0 -1 0 1 0 0 0 0 0/0 7:11 0:00 0:00
Gustav Forsling 0 0 0 0 0 0 0 0 0 0 0/0 0:41 0:00 0:00
Jacob De La Rose 2 1 3 1 0 4 1 1 1 1 7/13 18:37 0:14 1:30
Jonas Siegenthaler 0 0 0 0 0 0 0 1 0 0 0/0 13:22 0:00 0:00
Joonas Lyytinen 0 0 0 3 0 0 2 1 0 2 0/0 22:48 0:25 2:11
Jordan Schmaltz 0 2 2 2 0 2 1 1 0 0 0/0 27:15 0:25 2:11
Keegan Lowe 0 0 0 -2 0 2 1 1 0 0 0/0 23:09 0:09 1:44
Kevin Rooney 0 0 0 0 0 1 3 0 1 0 3/6 12:16 0:00 0:00
Mason Appleton 2 0 2 1 0 3 1 0 0 0 2/4 19:53 0:20 0:00
Mason Geertsen 0 0 0 0 0 0 1 3 0 1 0/0 13:22 0:00 0:00
Michael McCarron 0 0 0 -1 0 1 0 0 1 0 0/3 6:40 0:00 0:00
Nikita Nesterov 0 0 0 -1 0 1 0 1 0 1 0/0 19:23 0:09 1:44
Tomas Hyka 0 0 0 0 0 4 1 0 0 0 0/0 11:51 0:00 0:00
Zachary Sanford 0 2 2 1 2 2 1 0 2 0 0/2 21:07 0:20 1:12
3 Stars
1 - Jacob De La Rose (Bel)
2 - Mason Appleton (Bel)
3 - Brendan Perlini (Bel)
Power Play
Penguins - 1 on 2 Attempt(s) - 50.00%
Senators - 2 on 2 Attempt(s) - 100.00%
Penalty Kill
Penguins - 0 on 2 Attempt(s) - 0.00%
- Score 0 goal in Penalty Kill
Senators - 1 on 2 Attempt(s) - 50.00%
- Score 0 goal in Penalty Kill
Team Stat
Penguins - Hits : 30 - Faceoff Wins : 36 - Blocked Shots : 14 - Penalty Minutes : 4
Senators - Hits : 15 - Faceoff Wins : 29 - Blocked Shots : 12 - Penalty Minutes : 4
Official
Referees : Francois St. Laurent and Brian Pochmara
Linesman : Derek Amell and Andrew Smith
Game Notes
1:32 of 3rd period - Penguins goal is going for a video replay. After video review, Goal.
Finance
Level 1 -- Attendance: 1822 (91.10%) -- Ticket Income $127,540
Level 2 -- Attendance: 1000 (100.00%) -- Ticket Income $40,000
Total Attendance: 2822 (94.07%)
Total Ticket Income: $167,540
Other Income: $8,377
Total Income: $175,917
Penguins
5 vs 5 Forward
Center Left Wing Right Wing Time % Phy DF OF
1 Adam Brooks Iven Barbashev Mathew Barzal 40 1 2 2
2 Philipp Kurashev Eetu Luostarinen Max Gortz 30 1 2 2
3 Ryan MacInnis Jeff Malott Sam Kurker 20 1 2 2
4 Kevin Stenlund Sampo Ranta Jesper Boqvist 10 1 2 2
5 vs 5 Defense
Defense Defense Time % Phy DF OF
1 Brett Kulak Gavin Bayreuther 40 1 2 2
2 Dakota Mermis John Marino 30 1 2 2
3 Matthew Finn Noah Dobson 20 1 2 2
4 Brett Kulak Gavin Bayreuther 10 1 2 2
PowerPlay Forward
Center Left Wing Right Wing Time % Phy DF OF
1 Adam Brooks Iven Barbashev Mathew Barzal 60 1 2 2
2 Philipp Kurashev Eetu Luostarinen Max Gortz 40 1 2 2
PowerPlay Defense
Defense Defense Time % Phy DF OF
1 Brett Kulak Gavin Bayreuther 60 1 2 2
2 Dakota Mermis John Marino 40 1 2 2
Penalty Kill 4 Players Forward
Center Wing Time % Phy DF OF
1 Adam Brooks Iven Barbashev 60 1 2 2
2 Philipp Kurashev Eetu Luostarinen 40 1 2 2
Penalty Kill 4 Players Defense
Defense Defense Time % Phy DF OF
1 Brett Kulak Gavin Bayreuther 60 1 2 2
2 Dakota Mermis John Marino 40 1 2 2
Penalty Kill - 3 Players Forward
Forward Time % Phy DF OF
1 Adam Brooks 60 1 2 2
2 Philipp Kurashev 40 1 2 2
Penalty Kill - 3 Players Defense
Defense Defense Time % Phy DF OF
1 Brett Kulak Gavin Bayreuther 60 1 2 2
2 Dakota Mermis John Marino 40 1 2 2
4 vs 4 Forward
Center Wing Time % Phy DF OF
1 Adam Brooks Iven Barbashev 60 1 2 2
2 Philipp Kurashev Eetu Luostarinen 40 1 2 2
4 vs 4 Defense
Defense Defense Time % Phy DF OF
1 Brett Kulak Gavin Bayreuther 60 1 2 2
2 Dakota Mermis John Marino 40 1 2 2
Last Minutes Offensive
Center Left Wing Right Wing Defense Defense
Adam Brooks Iven Barbashev Mathew Barzal Brett Kulak Gavin Bayreuther
Last Minutes Defensive
Center Left Wing Right Wing Defense Defense
Adam Brooks Iven Barbashev Mathew Barzal Brett Kulak Gavin Bayreuther
Goaltenders
Starting : Jeremy Swayman
Backup : Anthony Stolarz
Extra Forwards
Normal : Max Gortz, Sam Kurker, Jeff Malott - PP : Max Gortz, Sam Kurker - PK : Max Gortz
Extra Defensemen
Normal : John Marino, Matthew Finn, Noah Dobson - PP : John Marino - PK : John Marino, Matthew Finn
Penalty Shots
Mathew Barzal, Iven Barbashev, Eetu Luostarinen, Adam Brooks, Max Gortz
Custom OT Lines Forwards
Mathew Barzal, Iven Barbashev, Eetu Luostarinen, Adam Brooks, Max Gortz, Sam Kurker, Jeff Malott, Jesper Boqvist, Philipp Kurashev, Ryan MacInnis
Custom OT Lines Defensemen
Brett Kulak, Gavin Bayreuther, Dakota Mermis, John Marino, Matthew Finn
Scratches
Brett Pollock (Healthy), Denis Malgin (Left Forearm Injury), Josh Ho-Sang (Healthy), Juuso Ikonen (Healthy), Austin Strand (Healthy)
Steven Spinner (Healthy), Shawn Boudrias (Healthy), Zachary Bouthillier (Healthy)
Senators
5 vs 5 Forward
Center Left Wing Right Wing Time % Phy DF OF
1 Christoph Bertschy Zachary Sanford Mason Appleton 40 0 2 3
2 Jacob De La Rose Brendan Perlini Carl Grundstrom 30 1 2 2
3 Kevin Rooney C.J Suess Tomas Hyka 20 1 2 2
4 Michael McCarron Anton Karlsson David Kase 10 1 2 2
5 vs 5 Defense
Defense Defense Time % Phy DF OF
1 Jordan Schmaltz Joonas Lyytinen 40 0 2 3
2 Keegan Lowe Nikita Nesterov 30 1 2 2
3 Jonas Siegenthaler Mason Geertsen 20 1 2 2
4 Jordan Schmaltz Keegan Lowe 10 1 2 2
PowerPlay Forward
Center Left Wing Right Wing Time % Phy DF OF
1 Christoph Bertschy Zachary Sanford Mason Appleton 60 1 1 3
2 Jacob De La Rose Brendan Perlini Carl Grundstrom 40 1 1 3
PowerPlay Defense
Defense Defense Time % Phy DF OF
1 Jordan Schmaltz Joonas Lyytinen 60 1 1 3
2 Keegan Lowe Nikita Nesterov 40 1 1 3
Penalty Kill 4 Players Forward
Center Wing Time % Phy DF OF
1 Christoph Bertschy Zachary Sanford 60 1 3 1
2 Jacob De La Rose Brendan Perlini 40 1 3 1
Penalty Kill 4 Players Defense
Defense Defense Time % Phy DF OF
1 Jordan Schmaltz Joonas Lyytinen 60 1 3 1
2 Keegan Lowe Nikita Nesterov 40 1 3 1
Penalty Kill - 3 Players Forward
Forward Time % Phy DF OF
1 Christoph Bertschy 60 1 3 1
2 Jacob De La Rose 40 1 3 1
Penalty Kill - 3 Players Defense
Defense Defense Time % Phy DF OF
1 Jordan Schmaltz Joonas Lyytinen 60 1 3 1
2 Keegan Lowe Nikita Nesterov 40 1 3 1
4 vs 4 Forward
Center Wing Time % Phy DF OF
1 Christoph Bertschy Zachary Sanford 60 1 2 2
2 Jacob De La Rose Brendan Perlini 40 1 2 2
4 vs 4 Defense
Defense Defense Time % Phy DF OF
1 Jordan Schmaltz Joonas Lyytinen 60 1 2 2
2 Keegan Lowe Nikita Nesterov 40 1 2 2
Last Minutes Offensive
Center Left Wing Right Wing Defense Defense
Christoph Bertschy Zachary Sanford Carl Grundstrom Jordan Schmaltz Keegan Lowe
Last Minutes Defensive
Center Left Wing Right Wing Defense Defense
Christoph Bertschy Zachary Sanford Carl Grundstrom Jordan Schmaltz Keegan Lowe
Goaltenders
Starting : David Rittich
Backup : Arvid Soderblom
Extra Forwards
Normal : C.J Suess, Kevin Rooney, Carl Grundstrom - PP : C.J Suess, Kevin Rooney - PK : C.J Suess
Extra Defensemen
Normal : Nikita Nesterov, Jonas Siegenthaler, Mason Geertsen - PP : Nikita Nesterov - PK : Nikita Nesterov, Jonas Siegenthaler
Penalty Shots
Zachary Sanford, Christoph Bertschy, Jacob De La Rose, Brendan Perlini, C.J Suess
Custom OT Lines Forwards
Zachary Sanford, Christoph Bertschy, Jacob De La Rose, Brendan Perlini, C.J Suess, Kevin Rooney, Carl Grundstrom, Tomas Hyka, Michael McCarron, Mason Appleton
Custom OT Lines Defensemen
Jordan Schmaltz, Keegan Lowe, Joonas Lyytinen, Nikita Nesterov, Jonas Siegenthaler
Scratches
Akil Thomas (Healthy), Ivan Morozov (Healthy), Grant Besse (Right Hand Injury), Martin Fehervary (Healthy), Alec Regula (Healthy)
Vitaly Abramov (Healthy), Cliff Pu (Healthy), Bryce Kindopp (Healthy), Olivier Rodrigue (Healthy), Olle Eriksson Ek (Healthy)
% Time on Ice - Penguins
Lines # - Real PCT - Wanted PCT - Time Play
Normal Forward
1 - 37% - 40% - 20:32
2 - 28% - 30% - 15:48
3 - 22% - 20% - 12:23
4 - 12% - 10% - 6:48
Normal Defense
1 - 39% - 40% - 21:32
2 - 32% - 30% - 17:58
3 - 22% - 20% - 12:12
4 - 7% - 10% - 3:49
PP Forward
1 - 60% - 60% - 2:22
2 - 40% - 40% - 1:33
PP Defense
1 - 68% - 60% - 2:40
2 - 32% - 40% - 1:15
PK Forward
1 - 100% - 60% - 0:34
2 - 0% - 40% - 0:00
PK Defense
1 - 100% - 60% - 0:34
2 - 0% - 40% - 0:00
PK3 Forward
1 - 0% - 60%
2 - 0% - 40%
PK3 Defense
1 - 0% - 60%
2 - 0% - 40%
44 Forward
1 - 0% - 60%
2 - 0% - 40%
44 Defense
1 - 0% - 60%
2 - 0% - 40%
Last Minute Offensive - 0:00
Last Minute Defensive - 0:00
Total
Forward - 60:00
Defense - 60:00
|
% Time on Ice - Senators
Lines # - Real PCT - Wanted PCT - Time Play
Normal Forward
1 - 36% - 40% - 20:07
2 - 30% - 30% - 16:53
3 - 21% - 20% - 11:51
4 - 12% - 10% - 6:40
Normal Defense
1 - 36% - 40% - 20:12
2 - 32% - 30% - 17:30
3 - 24% - 20% - 13:22
4 - 8% - 10% - 4:27
PP Forward
1 - 59% - 60% - 0:20
2 - 41% - 40% - 0:14
PP Defense
1 - 74% - 60% - 0:25
2 - 26% - 40% - 0:09
PK Forward
1 - 81% - 60% - 3:11
2 - 19% - 40% - 0:44
PK Defense
1 - 56% - 60% - 2:11
2 - 44% - 40% - 1:44
PK3 Forward
1 - 0% - 60%
2 - 0% - 40%
PK3 Defense
1 - 0% - 60%
2 - 0% - 40%
44 Forward
1 - 0% - 60%
2 - 0% - 40%
44 Defense
1 - 0% - 60%
2 - 0% - 40%
Last Minute Offensive - 0:00
Last Minute Defensive - 0:00
Total
Forward - 60:00
Defense - 60:00
|
Play-by-Play
1st period
0:01 of 1st period - Christoph Bertschy wins face-off versus Adam Brooks in neutral zone.
0:44 of 1st period - Snap shot by Jacob De La Rose.
0:44 of 1st period - Stopped by Jeremy Swayman with a rebound.
0:58 of 1st period - Slapshot by Gavin Bayreuther.
0:58 of 1st period - Stopped by David Rittich without a rebound.
0:59 of 1st period - Ryan MacInnis wins face-off versus Michael McCarron in Senators zone.
1:24 of 1st period - Kevin Stenlund is hit by Kevin Rooney and loses puck.
1:31 of 1st period - Slapshot by Matthew Finn.
1:31 of 1st period - Deflect By C.J Suess.
1:31 of 1st period - Stopped by David Rittich without a rebound.
1:32 of 1st period - Adam Brooks wins face-off versus Christoph Bertschy in Senators zone.
1:33 of 1st period - Snap shot by Mathew Barzal.
1:33 of 1st period - Stopped by David Rittich with a rebound.
2:22 of 1st period - Wrist shot by Kevin Rooney.
2:22 of 1st period - Shot Blocked by Brett Kulak.
2:46 of 1st period - Wrist shot by Michael McCarron.
2:46 of 1st period - Stopped by Jeremy Swayman with a rebound.
2:48 of 1st period - Slapshot by Jonas Siegenthaler.
2:48 of 1st period - Shot Misses the Net.
4:01 of 1st period - Snap shot by Zachary Sanford.
4:01 of 1st period - Shot Misses the Net.
4:03 of 1st period - Wrist shot by Nikita Nesterov.
4:03 of 1st period - Stopped by Jeremy Swayman without a rebound.
4:04 of 1st period - Christoph Bertschy wins face-off versus Adam Brooks in Penguins zone.
4:18 of 1st period - Off-side.
4:19 of 1st period - Jacob De La Rose wins face-off versus Philipp Kurashev in neutral zone.
5:03 of 1st period - Snap shot by Philipp Kurashev.
5:03 of 1st period - Shot Misses the Net.
5:05 of 1st period - Slapshot by Matthew Finn.
5:05 of 1st period - Deflect By Max Gortz.
5:05 of 1st period - Stopped by David Rittich without a rebound.
5:06 of 1st period - Christoph Bertschy wins face-off versus Adam Brooks in Senators zone.
5:11 of 1st period - Gavin Bayreuther is hit by Mason Appleton and loses puck.
5:34 of 1st period - Jacob De La Rose is hit by Kevin Stenlund and loses puck.
6:18 of 1st period - Icing by Kevin Rooney.
6:19 of 1st period - Adam Brooks wins face-off versus Kevin Rooney in Senators zone.
6:46 of 1st period - Tomas Hyka is hit by Mathew Barzal and loses puck.
7:25 of 1st period - Snap shot by Iven Barbashev.
7:25 of 1st period - Shot Blocked by Mason Geertsen.
7:27 of 1st period - Snap shot by Matthew Finn.
7:27 of 1st period - Shot Blocked by Mason Geertsen.
7:29 of 1st period - Slapshot by Mathew Barzal.
7:29 of 1st period - Shot Blocked by C.J Suess.
7:31 of 1st period - Slapshot by Matthew Finn.
7:31 of 1st period - Shot Blocked by Jonas Siegenthaler.
7:33 of 1st period - Wrist shot by Adam Brooks.
7:33 of 1st period - Stopped by David Rittich without a rebound.
7:34 of 1st period - Philipp Kurashev wins face-off versus Christoph Bertschy in Senators zone.
7:45 of 1st period - Snap shot by Mason Appleton.
7:45 of 1st period - Shot Blocked by Gavin Bayreuther.
7:47 of 1st period - Slapshot by Zachary Sanford.
7:47 of 1st period - Shot Blocked by Gavin Bayreuther.
8:01 of 1st period - Joonas Lyytinen is hit by Jeff Malott.
8:09 of 1st period - Snap shot by Jeff Malott.
8:09 of 1st period - Stopped by David Rittich with a rebound.
8:11 of 1st period - Slapshot by Gavin Bayreuther.
8:11 of 1st period - Shot Misses the Net.
8:25 of 1st period - Slapshot by John Marino.
8:25 of 1st period - Stopped by David Rittich without a rebound.
8:26 of 1st period - Kevin Stenlund wins face-off versus Christoph Bertschy in Senators zone.
8:37 of 1st period - Slapshot by John Marino.
8:37 of 1st period - Shot Blocked by Joonas Lyytinen.
9:38 of 1st period - Snap shot by Zachary Sanford.
9:38 of 1st period - Shot Misses the Net.
9:40 of 1st period - Slapshot by Joonas Lyytinen.
9:40 of 1st period - Shot Blocked by Brett Kulak.
10:00 of 1st period - Wrist shot by Tomas Hyka.
10:00 of 1st period - Stopped by Jeremy Swayman without a rebound.
10:01 of 1st period - Philipp Kurashev wins face-off versus Mason Appleton in Penguins zone.
10:10 of 1st period - Wrist shot by Philipp Kurashev.
10:10 of 1st period - Shot Misses the Net.
10:26 of 1st period - John Marino is hit by Keegan Lowe and loses puck.
10:46 of 1st period - Off-side.
10:47 of 1st period - Kevin Stenlund wins face-off versus Michael McCarron in neutral zone.
10:52 of 1st period - Snap shot by Jesper Boqvist.
10:52 of 1st period - Shot Misses the Net.
10:54 of 1st period - Wrist shot by Sampo Ranta.
10:54 of 1st period - Stopped by David Rittich with a rebound.
10:56 of 1st period - Slapshot by Jesper Boqvist.
10:56 of 1st period - Stopped by David Rittich with a rebound.
11:02 of 1st period - Slapshot by Gavin Bayreuther.
11:02 of 1st period - Stopped by David Rittich without a rebound.
11:03 of 1st period - Christoph Bertschy wins face-off versus Adam Brooks in Senators zone.
12:01 of 1st period - Jordan Schmaltz is hit by Dakota Mermis and loses puck.
12:14 of 1st period - Noah Dobson is hit by Kevin Rooney and loses puck.
12:23 of 1st period - Snap shot by C.J Suess.
12:23 of 1st period - Shot Blocked by Adam Brooks.
12:39 of 1st period - Snap shot by Christoph Bertschy.
12:39 of 1st period - Stopped by Jeremy Swayman without a rebound.
12:40 of 1st period - Philipp Kurashev wins face-off versus Christoph Bertschy in Penguins zone.
12:44 of 1st period - Off-side.
12:45 of 1st period - Christoph Bertschy wins face-off versus Adam Brooks in neutral zone.
13:35 of 1st period - Wrist shot by Sam Kurker.
13:35 of 1st period - Stopped by David Rittich with a rebound.
13:37 of 1st period - Snap shot by Sam Kurker.
13:37 of 1st period - Stopped by David Rittich without a rebound.
13:38 of 1st period - Mason Appleton wins face-off versus Ryan MacInnis in Senators zone.
13:45 of 1st period - Wrist shot by Mason Appleton.
13:45 of 1st period - Stopped by Jeremy Swayman with a rebound.
13:47 of 1st period - Snap shot by Christoph Bertschy.
13:47 of 1st period - Deflect By Sam Kurker.
13:47 of 1st period - Shot Misses the Net.
13:47 of 1st period - Puck is out of play.
13:48 of 1st period - Adam Brooks wins face-off versus Christoph Bertschy in Penguins zone.
13:48 of 1st period - Adam Brooks is hit by Zachary Sanford.
13:54 of 1st period - Wrist shot by Mathew Barzal.
13:54 of 1st period - Shot Misses the Net.
14:14 of 1st period - Snap shot by Christoph Bertschy.
14:14 of 1st period - Shot Misses the Net.
14:32 of 1st period - Wrist shot by Mason Appleton.
14:32 of 1st period - Shot Blocked by John Marino.
15:06 of 1st period - Snap shot by Mason Appleton.
15:06 of 1st period - Shot Misses the Net.
15:27 of 1st period - Snap shot by Mason Appleton.
15:27 of 1st period - Goal by Mason Appleton - Penguins : 0 - Senators : 1.
15:28 of 1st period - Jacob De La Rose wins face-off versus Philipp Kurashev in neutral zone.
15:49 of 1st period - Jacob De La Rose is hit by Eetu Luostarinen and loses puck.
16:11 of 1st period - Minor Penalty to Ryan MacInnis for Holding.
16:12 of 1st period - Brendan Perlini wins face-off versus Adam Brooks in Penguins zone.
16:12 of 1st period - Snap shot by Jacob De La Rose.
16:12 of 1st period - Goal by Jacob De La Rose - Penguins : 0 - Senators : 2.
16:13 of 1st period - Philipp Kurashev wins face-off versus Jacob De La Rose in neutral zone.
16:16 of 1st period - Slapshot by Brett Kulak.
16:16 of 1st period - Shot Blocked by Jordan Schmaltz.
16:30 of 1st period - Slapshot by Jordan Schmaltz.
16:30 of 1st period - Deflect By Gavin Bayreuther.
16:30 of 1st period - Stopped by Jeremy Swayman with a rebound.
16:50 of 1st period - Wrist shot by Zachary Sanford.
16:50 of 1st period - Shot Misses the Net.
17:51 of 1st period - Christoph Bertschy is hit by Max Gortz and loses puck.
18:15 of 1st period - Dakota Mermis is hit by Brendan Perlini and loses puck.
18:36 of 1st period - Wrist shot by Nikita Nesterov.
18:36 of 1st period - Shot Misses the Net.
18:42 of 1st period - Anton Karlsson is hit by Jeff Malott and loses puck.
18:59 of 1st period - Slapshot by Keegan Lowe.
18:59 of 1st period - Stopped by Jeremy Swayman without a rebound.
19:00 of 1st period - Jacob De La Rose wins face-off versus Philipp Kurashev in Penguins zone.
19:14 of 1st period - Jordan Schmaltz is hit by Max Gortz and loses puck.
19:55 of 1st period - C.J Suess is hit by Brett Kulak and loses puck.
Goals for this period are 0 for Penguins vs 2 for Senators.
Shots for this period are 12 for Penguins vs 10 for Senators.
2nd period
0:01 of 2nd period - Philipp Kurashev wins face-off versus Carl Grundstrom in neutral zone.
0:16 of 2nd period - Slapshot by Brendan Perlini.
0:16 of 2nd period - Stopped by Jeremy Swayman without a rebound.
0:17 of 2nd period - Christoph Bertschy wins face-off versus Adam Brooks in Penguins zone.
0:44 of 2nd period - Jacob De La Rose is hit by Brett Kulak.
1:06 of 2nd period - Slapshot by C.J Suess.
1:06 of 2nd period - Shot Blocked by Philipp Kurashev.
1:33 of 2nd period - Off-side.
1:34 of 2nd period - Adam Brooks wins face-off versus Christoph Bertschy in neutral zone.
2:06 of 2nd period - Snap shot by Max Gortz.
2:06 of 2nd period - Stopped by David Rittich without a rebound.
2:07 of 2nd period - Jacob De La Rose wins face-off versus Adam Brooks in Senators zone.
2:22 of 2nd period - Wrist shot by Brendan Perlini.
2:22 of 2nd period - Goal by Brendan Perlini - Penguins : 0 - Senators : 3.
2:23 of 2nd period - Christoph Bertschy wins face-off versus Philipp Kurashev in neutral zone.
2:39 of 2nd period - Slapshot by Gavin Bayreuther.
2:39 of 2nd period - Shot Misses the Net.
3:03 of 2nd period - Off-side.
3:04 of 2nd period - Ryan MacInnis wins face-off versus Kevin Rooney in neutral zone.
3:09 of 2nd period - Backhand shot by Gavin Bayreuther.
3:09 of 2nd period - Stopped by David Rittich without a rebound.
3:10 of 2nd period - Kevin Rooney wins face-off versus Ryan MacInnis in Senators zone.
3:51 of 2nd period - Minor Penalty to Zachary Sanford for Holding.
3:52 of 2nd period - Mathew Barzal wins face-off versus Christoph Bertschy in Senators zone.
4:17 of 2nd period - Joonas Lyytinen is hit by Gavin Bayreuther.
4:27 of 2nd period - Keegan Lowe is hit by Max Gortz.
5:51 of 2nd period - Penalty to Zachary Sanford is over, Zachary Sanford is back on ice.
6:39 of 2nd period - Minor Penalty to Brendan Perlini for Slashing.
6:40 of 2nd period - Christoph Bertschy wins face-off versus Adam Brooks in Senators zone.
6:45 of 2nd period - Snap shot by Christoph Bertschy.
6:45 of 2nd period - Stopped by Jeremy Swayman without a rebound.
6:46 of 2nd period - Adam Brooks wins face-off versus Christoph Bertschy in Penguins zone.
6:55 of 2nd period - Slapshot by Brett Kulak.
6:55 of 2nd period - Stopped by David Rittich without a rebound.
6:56 of 2nd period - Adam Brooks wins face-off versus Christoph Bertschy in Senators zone.
7:29 of 2nd period - Snap shot by Philipp Kurashev.
7:29 of 2nd period - Deflect By Eetu Luostarinen.
7:29 of 2nd period - Stopped by David Rittich without a rebound.
7:30 of 2nd period - Adam Brooks wins face-off versus Jacob De La Rose in Senators zone.
7:31 of 2nd period - Slapshot by Iven Barbashev.
7:31 of 2nd period - Shot Blocked by Jacob De La Rose.
7:33 of 2nd period - Slapshot by Iven Barbashev.
7:33 of 2nd period - Shot Misses the Net.
7:35 of 2nd period - Snap shot by Dakota Mermis.
7:35 of 2nd period - Stopped by David Rittich with a rebound.
7:37 of 2nd period - Slapshot by Dakota Mermis.
7:37 of 2nd period - Shot Blocked by C.J Suess.
7:43 of 2nd period - Wrist shot by Mathew Barzal.
7:43 of 2nd period - Stopped by David Rittich with a rebound.
8:29 of 2nd period - Off-side.
8:30 of 2nd period - Adam Brooks wins face-off versus Jacob De La Rose in neutral zone.
8:35 of 2nd period - Slapshot by Gavin Bayreuther.
8:35 of 2nd period - Goal by Gavin Bayreuther - Penguins : 1 - Senators : 3.
8:36 of 2nd period - Adam Brooks wins face-off versus Mason Appleton in neutral zone.
8:39 of 2nd period - Mason Appleton is hit by Mathew Barzal.
9:11 of 2nd period - Eetu Luostarinen is hit by Carl Grundstrom and loses puck.
10:29 of 2nd period - Wrist shot by Jacob De La Rose.
10:29 of 2nd period - Stopped by Jeremy Swayman with a rebound.
10:31 of 2nd period - Slapshot by Nikita Nesterov.
10:31 of 2nd period - Shot Misses the Net.
10:33 of 2nd period - Slapshot by Keegan Lowe.
10:33 of 2nd period - Stopped by Jeremy Swayman with a rebound.
10:44 of 2nd period - Brett Kulak is hit by Jordan Schmaltz and loses puck.
11:03 of 2nd period - Slapshot by Mathew Barzal.
11:03 of 2nd period - Stopped by David Rittich with a rebound.
11:05 of 2nd period - Snap shot by Mathew Barzal.
11:05 of 2nd period - Deflect By Iven Barbashev.
11:05 of 2nd period - Stopped by David Rittich with a rebound.
11:07 of 2nd period - Snap shot by Matthew Finn.
11:07 of 2nd period - Stopped by David Rittich without a rebound.
11:08 of 2nd period - Christoph Bertschy wins face-off versus Adam Brooks in Senators zone.
11:08 of 2nd period - Christoph Bertschy is hit by John Marino.
11:20 of 2nd period - Jonas Siegenthaler is hit by Mathew Barzal and loses puck.
11:33 of 2nd period - Jonas Siegenthaler is hit by Mathew Barzal and loses puck.
12:28 of 2nd period - Jordan Schmaltz is hit by Sam Kurker and loses puck.
12:41 of 2nd period - Snap shot by Zachary Sanford.
12:41 of 2nd period - Stopped by Jeremy Swayman with a rebound.
12:43 of 2nd period - Wrist shot by Zachary Sanford.
12:43 of 2nd period - Stopped by Jeremy Swayman with a rebound.
12:45 of 2nd period - Slapshot by Joonas Lyytinen.
12:45 of 2nd period - Shot Hit the Post.
12:47 of 2nd period - Snap shot by Christoph Bertschy.
12:47 of 2nd period - Deflect By Gavin Bayreuther.
12:47 of 2nd period - Shot Misses the Net.
12:47 of 2nd period - Puck is out of play.
12:48 of 2nd period - Christoph Bertschy wins face-off versus Philipp Kurashev in Penguins zone.
12:59 of 2nd period - Wrist shot by Philipp Kurashev.
12:59 of 2nd period - Shot Misses the Net.
13:01 of 2nd period - Slapshot by John Marino.
13:01 of 2nd period - Stopped by David Rittich without a rebound.
13:02 of 2nd period - Christoph Bertschy wins face-off versus Mathew Barzal in Senators zone.
13:29 of 2nd period - Icing by Keegan Lowe.
13:30 of 2nd period - Philipp Kurashev wins face-off versus Jacob De La Rose in Senators zone.
14:05 of 2nd period - Slapshot by Max Gortz.
14:05 of 2nd period - Stopped by David Rittich with a rebound.
14:22 of 2nd period - Icing by Jacob De La Rose.
14:23 of 2nd period - Adam Brooks wins face-off versus Jacob De La Rose in Senators zone.
14:46 of 2nd period - Slapshot by Brendan Perlini.
14:46 of 2nd period - Stopped by Jeremy Swayman with a rebound.
14:48 of 2nd period - Slapshot by Joonas Lyytinen.
14:48 of 2nd period - Shot Blocked by Sam Kurker.
14:52 of 2nd period - Snap shot by Brendan Perlini.
14:52 of 2nd period - Stopped by Jeremy Swayman with a rebound.
15:16 of 2nd period - Slapshot by Jordan Schmaltz.
15:16 of 2nd period - Stopped by Jeremy Swayman without a rebound.
15:17 of 2nd period - Adam Brooks wins face-off versus Zachary Sanford in Penguins zone.
15:46 of 2nd period - Slapshot by Ryan MacInnis.
15:46 of 2nd period - Shot Misses the Net.
15:48 of 2nd period - Snap shot by Jeff Malott.
15:48 of 2nd period - Shot Misses the Net.
15:50 of 2nd period - Snap shot by Ryan MacInnis.
15:50 of 2nd period - Deflect By Sam Kurker.
15:50 of 2nd period - Shot Misses the Net.
15:50 of 2nd period - Puck is out of play.
15:51 of 2nd period - Kevin Rooney wins face-off versus Adam Brooks in Senators zone.
15:58 of 2nd period - Snap shot by Tomas Hyka.
15:58 of 2nd period - Shot Blocked by Adam Brooks.
16:00 of 2nd period - Wrist shot by Tomas Hyka.
16:00 of 2nd period - Stopped by Jeremy Swayman with a rebound.
16:02 of 2nd period - Snap shot by Kevin Rooney.
16:02 of 2nd period - Stopped by Jeremy Swayman without a rebound.
16:03 of 2nd period - Christoph Bertschy wins face-off versus Adam Brooks in Penguins zone.
16:18 of 2nd period - Snap shot by Zachary Sanford.
16:18 of 2nd period - Shot Misses the Net.
16:41 of 2nd period - Wrist shot by Gavin Bayreuther.
16:41 of 2nd period - Deflect By Philipp Kurashev.
16:41 of 2nd period - Stopped by David Rittich with a rebound.
17:01 of 2nd period - Slapshot by Tomas Hyka.
17:01 of 2nd period - Stopped by Jeremy Swayman without a rebound.
17:02 of 2nd period - Christoph Bertschy wins face-off versus Adam Brooks in Penguins zone.
17:08 of 2nd period - Minor Penalty to Adam Brooks for Roughing.
17:09 of 2nd period - Max Gortz wins face-off versus Christoph Bertschy in Penguins zone.
17:41 of 2nd period - Snap shot by Jacob De La Rose.
17:41 of 2nd period - Goal by Jacob De La Rose - Penguins : 1 - Senators : 4.
17:42 of 2nd period - Christoph Bertschy wins face-off versus Philipp Kurashev in neutral zone.
17:55 of 2nd period - Snap shot by Zachary Sanford.
17:55 of 2nd period - Shot Blocked by Gavin Bayreuther.
17:57 of 2nd period - Wrist shot by Christoph Bertschy.
17:57 of 2nd period - Stopped by Jeremy Swayman with a rebound.
18:38 of 2nd period - Wrist shot by Mathew Barzal.
18:38 of 2nd period - Shot Misses the Net.
18:40 of 2nd period - Snap shot by Adam Brooks.
18:40 of 2nd period - Stopped by David Rittich with a rebound.
18:58 of 2nd period - Wrist shot by Kevin Stenlund.
18:58 of 2nd period - Stopped by David Rittich without a rebound.
18:59 of 2nd period - Kevin Stenlund wins face-off versus Christoph Bertschy in Senators zone.
19:13 of 2nd period - Jordan Schmaltz is hit by Jesper Boqvist and loses puck.
19:31 of 2nd period - Icing by Joonas Lyytinen.
19:32 of 2nd period - Adam Brooks wins face-off versus Kevin Rooney in Senators zone.
Goals for this period are 1 for Penguins vs 2 for Senators.
Shots for this period are 15 for Penguins vs 15 for Senators.
3rd period
0:01 of 3rd period - Mathew Barzal wins face-off versus Zachary Sanford in neutral zone.
0:33 of 3rd period - Snap shot by Max Gortz.
0:33 of 3rd period - Shot Misses the Net.
0:35 of 3rd period - Slapshot by Eetu Luostarinen.
0:35 of 3rd period - Goal by Eetu Luostarinen - Penguins : 2 - Senators : 4.
0:36 of 3rd period - Christoph Bertschy wins face-off versus Iven Barbashev in neutral zone.
0:43 of 3rd period - Slapshot by Mason Appleton.
0:43 of 3rd period - Goal by Mason Appleton - Penguins : 2 - Senators : 5.
0:44 of 3rd period - Mathew Barzal wins face-off versus Christoph Bertschy in neutral zone.
1:09 of 3rd period - Philipp Kurashev is hit by Joonas Lyytinen and loses puck.
1:16 of 3rd period - Wrist shot by Brendan Perlini.
1:16 of 3rd period - Shot Blocked by Brett Kulak.
1:18 of 3rd period - Snap shot by Carl Grundstrom.
1:18 of 3rd period - Stopped by Jeremy Swayman without a rebound.
1:19 of 3rd period - Adam Brooks wins face-off versus Christoph Bertschy in Penguins zone.
1:30 of 3rd period - Wrist shot by Iven Barbashev.
1:30 of 3rd period - Shot Blocked by Nikita Nesterov.
1:32 of 3rd period - Snap shot by Mathew Barzal.
1:32 of 3rd period - Penguins goal is going for a video replay.
1:32 of 3rd period - The goal is good.
1:32 of 3rd period - Goal by Mathew Barzal - Penguins : 3 - Senators : 5.
1:33 of 3rd period - Adam Brooks wins face-off versus Christoph Bertschy in neutral zone.
2:07 of 3rd period - Carl Grundstrom is hit by Philipp Kurashev and loses puck.
2:24 of 3rd period - Snap shot by Ryan MacInnis.
2:24 of 3rd period - Shot Misses the Net.
2:44 of 3rd period - Backhand shot by Christoph Bertschy.
2:44 of 3rd period - Deflect By Zachary Sanford.
2:44 of 3rd period - Shot Blocked by Matthew Finn.
2:44 of 3rd period - Puck is out of play.
2:45 of 3rd period - Adam Brooks wins face-off versus Christoph Bertschy in Penguins zone.
3:05 of 3rd period - Icing by Adam Brooks.
3:06 of 3rd period - Jacob De La Rose wins face-off versus Adam Brooks in Penguins zone.
3:54 of 3rd period - Kevin Rooney is hit by Ryan MacInnis and loses puck.
4:15 of 3rd period - Sampo Ranta is hit by Brendan Perlini and loses puck.
4:36 of 3rd period - Slapshot by Brendan Perlini.
4:36 of 3rd period - Deflect By Michael McCarron.
4:36 of 3rd period - Shot Blocked by Gavin Bayreuther.
4:36 of 3rd period - Puck is out of play.
4:37 of 3rd period - Adam Brooks wins face-off versus Michael McCarron in Penguins zone.
5:02 of 3rd period - Christoph Bertschy is hit by Philipp Kurashev and loses puck.
5:27 of 3rd period - Snap shot by Jeff Malott.
5:27 of 3rd period - Deflect By Sam Kurker.
5:27 of 3rd period - Shot Misses the Net.
5:27 of 3rd period - Puck is out of play.
5:28 of 3rd period - Jacob De La Rose wins face-off versus Ryan MacInnis in Senators zone.
5:28 of 3rd period - Nikita Nesterov is hit by Brett Kulak and loses puck.
5:34 of 3rd period - Keegan Lowe is hit by Gavin Bayreuther.
6:04 of 3rd period - Snap shot by Sam Kurker.
6:04 of 3rd period - Stopped by David Rittich without a rebound.
6:05 of 3rd period - Jacob De La Rose wins face-off versus Iven Barbashev in Senators zone.
6:20 of 3rd period - Mathew Barzal is hit by Jacob De La Rose and loses puck.
7:01 of 3rd period - Snap shot by Jesper Boqvist.
7:01 of 3rd period - Stopped by David Rittich with a rebound.
7:03 of 3rd period - Backhand shot by Brett Kulak.
7:03 of 3rd period - Stopped by David Rittich without a rebound.
7:04 of 3rd period - Adam Brooks wins face-off versus Brendan Perlini in Senators zone.
7:29 of 3rd period - Jordan Schmaltz is hit by Dakota Mermis and loses puck.
7:55 of 3rd period - Snap shot by Tomas Hyka.
7:55 of 3rd period - Stopped by Jeremy Swayman with a rebound.
8:23 of 3rd period - Slapshot by Keegan Lowe.
8:23 of 3rd period - Shot Misses the Net.
8:25 of 3rd period - Snap shot by David Kase.
8:25 of 3rd period - Stopped by Jeremy Swayman with a rebound.
8:41 of 3rd period - Snap shot by Ryan MacInnis.
8:41 of 3rd period - Shot Blocked by Mason Geertsen.
9:18 of 3rd period - Jeff Malott is hit by Mason Geertsen.
9:22 of 3rd period - Slapshot by C.J Suess.
9:22 of 3rd period - Stopped by Jeremy Swayman with a rebound.
11:02 of 3rd period - Off-side.
11:03 of 3rd period - Adam Brooks wins face-off versus Christoph Bertschy in neutral zone.
11:06 of 3rd period - Keegan Lowe is hit by Mathew Barzal and loses puck.
11:11 of 3rd period - Slapshot by Iven Barbashev.
11:11 of 3rd period - Shot Blocked by Keegan Lowe.
11:13 of 3rd period - Slapshot by Noah Dobson.
11:13 of 3rd period - Deflect By Mason Appleton.
11:13 of 3rd period - Stopped by David Rittich with a rebound.
11:15 of 3rd period - Slapshot by Matthew Finn.
11:15 of 3rd period - Stopped by David Rittich without a rebound.
11:16 of 3rd period - Adam Brooks wins face-off versus Christoph Bertschy in Senators zone.
11:27 of 3rd period - Slapshot by Christoph Bertschy.
11:27 of 3rd period - Stopped by Jeremy Swayman with a rebound.
11:41 of 3rd period - Philipp Kurashev is hit by Kevin Rooney and loses puck.
11:46 of 3rd period - Wrist shot by Tomas Hyka.
11:46 of 3rd period - Shot Misses the Net.
11:48 of 3rd period - Wrist shot by C.J Suess.
11:48 of 3rd period - Shot Misses the Net.
11:50 of 3rd period - Snap shot by C.J Suess.
11:50 of 3rd period - Stopped by Jeremy Swayman with a rebound.
11:52 of 3rd period - Wrist shot by C.J Suess.
11:52 of 3rd period - Stopped by Jeremy Swayman without a rebound.
11:53 of 3rd period - Mason Appleton wins face-off versus Adam Brooks in Penguins zone.
12:20 of 3rd period - Jordan Schmaltz is hit by John Marino and loses puck.
12:27 of 3rd period - Carl Grundstrom is hit by Philipp Kurashev and loses puck.
12:46 of 3rd period - Jeff Malott is hit by Tomas Hyka and loses puck.
12:51 of 3rd period - Snap shot by Kevin Rooney.
12:51 of 3rd period - Shot Blocked by Brett Kulak.
13:53 of 3rd period - Jonas Siegenthaler is hit by Philipp Kurashev and loses puck.
14:53 of 3rd period - Wrist shot by Iven Barbashev.
14:53 of 3rd period - Deflect By Adam Brooks.
14:53 of 3rd period - Shot Blocked by Christoph Bertschy.
14:53 of 3rd period - Puck is out of play.
14:54 of 3rd period - Philipp Kurashev wins face-off versus Christoph Bertschy in Senators zone.
15:21 of 3rd period - Kevin Rooney is hit by Jeff Malott and loses puck.
15:37 of 3rd period - Icing by Brett Kulak.
15:38 of 3rd period - Adam Brooks wins face-off versus Jacob De La Rose in Penguins zone.
17:27 of 3rd period - Snap shot by Max Gortz.
17:27 of 3rd period - Stopped by David Rittich with a rebound.
17:29 of 3rd period - Snap shot by John Marino.
17:29 of 3rd period - Shot Misses the Net.
17:31 of 3rd period - Slapshot by Eetu Luostarinen.
17:31 of 3rd period - Shot Misses the Net.
17:33 of 3rd period - Slapshot by Eetu Luostarinen.
17:33 of 3rd period - Stopped by David Rittich without a rebound.
17:34 of 3rd period - Kevin Rooney wins face-off versus Adam Brooks in Senators zone.
17:56 of 3rd period - Icing by Tomas Hyka.
17:57 of 3rd period - Christoph Bertschy wins face-off versus Jeff Malott in Senators zone.
18:35 of 3rd period - Snap shot by Iven Barbashev.
18:35 of 3rd period - Stopped by David Rittich with a rebound.
19:23 of 3rd period - Jeff Malott is hit by Joonas Lyytinen and loses puck.
19:40 of 3rd period - Kevin Rooney is hit by Sam Kurker.
Goals for this period are 2 for Penguins vs 1 for Senators.
Shots for this period are 10 for Penguins vs 8 for Senators.